| TOP OF THE 1ST |
|
Omaha Storm Chasers batting - Pitching for Columbus Clippers : RHP Roberto Reyes
|
|
Pitching: RHP Roberto Reyes
|
|
|
Batting: LHB Jim Pankratz
|
0-0: Ball 1-0: Called Strike 1-1: Fly out, F8 (Flyball, 8RM, EV 83.8 MPH)
|
|
Batting: RHB Walt Cogswell
|
0-0: Ground out 5-3 (Groundball, 56, EV 79.4 MPH)
|
|
Batting: RHB Ken Postlethwaite
|
0-0: Foul Ball, location: 2F 0-1: Hit by Pitch
|
|
Batting: RHB Danny Weisse
|
0-0: Ball 1-0: Ball 2-0: Called Strike 2-1: Called Strike 2-2: Ground out 4-3 (Groundball, 4, EV 105.6 MPH)
|
| Top of the 1st over - 0 runs, 0 hits, 0 errors, 1 left on base; Omaha 0 - Columbus 0 |
| BOTTOM OF THE 1ST |
|
Columbus Clippers batting - Pitching for Omaha Storm Chasers : RHP Ken Hall
|
|
Pitching: RHP Ken Hall
|
|
|
Batting: LHB Gabe White
|
0-0: Ball 1-0: Ball 2-0: Called Strike 2-1: Called Strike 2-2: Ball 3-2: Base on Balls
|
|
Batting: LHB Jesus Lozano
|
0-0: Ball Gabe White steals 2nd base (no throw) 1-0: Ball 2-0: Foul Ball, location: 2F 2-1: Foul Ball, location: 2F 2-2: Fly out, F6 (Popup, 6, EV 61.2 MPH)
|
|
Batting: LHB Alejandro Soriano
|
0-0: Called Strike Gabe White steals 3rd base (no throw) 0-1: Ball 1-1: Ground out 5-3 (Groundball, 15, EV 84.4 MPH)
|
|
Batting: LHB Tommy King
|
0-0: Ball 1-0: Ball 2-0: Swinging Strike 2-1: Foul Ball, location: 2F 2-2: Strikes out looking
|
| Bottom of the 1st over - 0 runs, 0 hits, 0 errors, 1 left on base; Omaha 0 - Columbus 0 |
| TOP OF THE 2ND |
|
Omaha Storm Chasers batting - Pitching for Columbus Clippers : RHP Roberto Reyes
|
|
Batting: LHB Danny Bailey
|
0-0: Ball 1-0: Foul Ball, location: 2F 1-1: Ball 2-1: Called Strike 2-2: SINGLE (Groundball, 6MD, EV 97.5 MPH) (infield hit)
|
|
Batting: SHB Francisco Gutierrez
|
0-0: Ball 1-0: Called Strike 1-1: Ball 2-1: Ball Danny Bailey steals 2nd base 3-1: Called Strike 3-2: Strikes out swinging
|
|
Batting: RHB Yuichi Takata
|
0-0: Called Strike 0-1: Ball 1-1: Swinging Strike 1-2: Ball 2-2: Foul Ball, location: 2F 2-2: Ball 3-2: Ground out 3-1 (Groundball, 34S, EV 85.6 MPH) Danny Bailey to third
|
|
Batting: RHB Jason Birge
|
0-0: Ball 1-0: Ground out 6-3 (Groundball, 6, EV 83.1 MPH)
|
| Top of the 2nd over - 0 runs, 1 hit, 0 errors, 1 left on base; Omaha 0 - Columbus 0 |
| BOTTOM OF THE 2ND |
|
Columbus Clippers batting - Pitching for Omaha Storm Chasers : RHP Ken Hall
|
|
Batting: LHB Jim Keefe
|
0-0: Called Strike 0-1: Ball 1-1: Ball 2-1: Ball 3-1: Called Strike 3-2: Base on Balls
|
|
Batting: LHB Robert Watson
|
0-0: Ball 1-0: Fly out, F8 (Line Drive, 78D, EV 96.9 MPH)
|
|
Batting: LHB Jack Bell
|
0-0: Ball 1-0: Fielders Choice at 2nd, 4-6 (Groundball, 34S, EV 81.9 MPH)
|
|
Batting: SHB Dan Hill
|
0-0: Swinging Strike 0-1: Ground out 1-3 (Groundball, 34S, EV 68.8 MPH)
|
| Bottom of the 2nd over - 0 runs, 0 hits, 0 errors, 1 left on base; Omaha 0 - Columbus 0 |
| TOP OF THE 3RD |
|
Omaha Storm Chasers batting - Pitching for Columbus Clippers : RHP Roberto Reyes
|
|
Batting: LHB Chris Eaker
|
0-0: Ground out 4-3 (Groundball, 4, EV 104.4 MPH)
|
|
Batting: LHB Jim Pankratz
|
0-0: Called Strike 0-1: Ball 1-1: Swinging Strike 1-2: Strikes out looking
|
|
Batting: RHB Walt Cogswell
|
0-0: Ball 1-0: Ball 2-0: Ball 3-0: Fly out, F9 (Flyball, 9, EV 83.8 MPH)
|
| Top of the 3rd over - 0 runs, 0 hits, 0 errors, 0 left on base; Omaha 0 - Columbus 0 |
| BOTTOM OF THE 3RD |
|
Columbus Clippers batting - Pitching for Omaha Storm Chasers : RHP Ken Hall
|
|
Batting: RHB Jason Sher
|
0-0: Ball 1-0: Foul Ball, location: 2F 1-1: Hit by Pitch
|
|
Batting: LHB Gabe White
|
0-0: Foul Ball, location: 2F 0-1: Ball 1-1: Foul Ball, location: 2F 1-2: Ball 2-2: Ball 3-2: Foul Ball, location: 2F 3-2: Strikes out swinging
|
|
Batting: LHB Jesus Lozano
|
0-0: Foul Ball, location: 2F 0-1: Called Strike 0-2: Foul Ball, location: 2F 0-2: SINGLE (Line Drive, 6MD, EV 97.5 MPH) Jason Sher to second
|
|
Batting: LHB Alejandro Soriano
|
0-0: SINGLE (Line Drive, 4M, EV 105.6 MPH) Jason Sher to third Jesus Lozano to second
|
|
Batting: LHB Tommy King
|
0-0: Ball 1-0: Foul Ball, location: 2F 1-1: Fly out, F7 (Line Drive, 78M, EV 86.2 MPH) Runner from 3rd tags up, SCORES, no throw by LF
|
|
Batting: LHB Jim Keefe
|
0-0: Called Strike 0-1: Ball 1-1: Ball 2-1: Called Strike 2-2: Strikes out looking
|
| Bottom of the 3rd over - 1 run, 2 hits, 0 errors, 2 left on base; Omaha 0 - Columbus 1 |
| TOP OF THE 4TH |
|
Omaha Storm Chasers batting - Pitching for Columbus Clippers : RHP Roberto Reyes
|
|
Batting: RHB Ken Postlethwaite
|
0-0: Ball 1-0: Called Strike 1-1: Foul Ball, location: 2F 1-2: Ball 2-2: Strikes out looking
|
|
Batting: RHB Danny Weisse
|
0-0: Ball 1-0: Swinging Strike 1-1: Ball 2-1: Fly out, F8 (Flyball, 8RD, EV 101.9 MPH)
|
|
Batting: LHB Danny Bailey
|
0-0: Ball 1-0: Foul Ball, location: 2F 1-1: Ball 2-1: Fly out, F4 (Popup, 4, EV 66.9 MPH)
|
| Top of the 4th over - 0 runs, 0 hits, 0 errors, 0 left on base; Omaha 0 - Columbus 1 |
| BOTTOM OF THE 4TH |
|
Columbus Clippers batting - Pitching for Omaha Storm Chasers : RHP Ken Hall
|
|
Batting: LHB Robert Watson
|
0-0: Ground out 5-3 (Groundball, 5, EV 89.4 MPH)
|
|
Batting: LHB Jack Bell
|
0-0: Ball 1-0: Ball 2-0: Called Strike 2-1: Ball 3-1: Base on Balls
|
|
Batting: SHB Dan Hill
|
0-0: Called Strike Jack Bell is caught stealing 2nd base 2-6 0-1: Foul Ball, location: 2F 0-2: Foul Ball, location: 2F 0-2: Ball 1-2: Ball 2-2: Foul Ball, location: 2F 2-2: Ground out U3 (Groundball, 3, EV 80.0 MPH)
|
| Bottom of the 4th over - 0 runs, 0 hits, 0 errors, 0 left on base; Omaha 0 - Columbus 1 |
| TOP OF THE 5TH |
|
Omaha Storm Chasers batting - Pitching for Columbus Clippers : RHP Roberto Reyes
|
|
Batting: SHB Francisco Gutierrez
|
0-0: Ball 1-0: Foul Ball, location: 2F 1-1: SINGLE (Line Drive, 8LS, EV 95.0 MPH)
|
|
Batting: RHB Yuichi Takata
|
0-0: Called Strike 0-1: Ball 1-1: Foul Ball, location: 2F 1-2: 2-RUN HOME RUN (Flyball, 7LD, EV 99.4 MPH), Distance : 373 ft
|
|
Batting: RHB Jason Birge
|
0-0: Foul Ball, location: 2F 0-1: Foul Ball, location: 2F 0-2: Ground out 6-3 (Groundball, 6, EV 105.0 MPH)
|
|
Batting: LHB Chris Eaker
|
0-0: Called Strike 0-1: Ball 1-1: Ground out U3 (Groundball, 3, EV 105.6 MPH)
|
|
Batting: LHB Jim Pankratz
|
0-0: Ground out U3 (Groundball, 13, EV 78.1 MPH)
|
| Top of the 5th over - 2 runs, 2 hits, 0 errors, 0 left on base; Omaha 2 - Columbus 1 |
| BOTTOM OF THE 5TH |
|
Columbus Clippers batting - Pitching for Omaha Storm Chasers : RHP Ken Hall
|
|
Batting: RHB Jason Sher
|
0-0: Ball 1-0: Ball 2-0: Called Strike 2-1: Ball 3-1: Foul Ball, location: 2F 3-2: Strikes out swinging
|
|
Batting: LHB Gabe White
|
0-0: Ball 1-0: Foul Ball, location: 2F 1-1: Ball 2-1: SINGLE (Groundball, 3S, EV 68.1 MPH) (infield hit)
|
|
Batting: LHB Jesus Lozano
|
0-0: Ball 1-0: Foul Ball, location: 2F 1-1: Ball Gabe White steals 2nd base (no throw) 2-1: Ball 3-1: Called Strike 3-2: Base on Balls
|
|
Batting: LHB Alejandro Soriano
|
0-0: Ball 1-0: Called Strike 1-1: Grounds into double play, 4-6-3 (Groundball, 4, EV 82.5 MPH)
|
| Bottom of the 5th over - 0 runs, 1 hit, 0 errors, 1 left on base; Omaha 2 - Columbus 1 |
| TOP OF THE 6TH |
|
Omaha Storm Chasers batting - Pitching for Columbus Clippers : RHP Roberto Reyes
|
|
Batting: RHB Walt Cogswell
|
0-0: Called Strike 0-1: Ground out U3 (Groundball, 34, EV 91.2 MPH)
|
|
Batting: RHB Ken Postlethwaite
|
0-0: Fly out, F9 (Flyball, 9, EV 85.6 MPH)
|
|
Batting: RHB Danny Weisse
|
0-0: Called Strike 0-1: Ball 1-1: Ground out 5-3 (Groundball, 56, EV 78.8 MPH)
|
| Top of the 6th over - 0 runs, 0 hits, 0 errors, 0 left on base; Omaha 2 - Columbus 1 |
| BOTTOM OF THE 6TH |
|
Columbus Clippers batting - Pitching for Omaha Storm Chasers : RHP Ken Hall
|
|
Batting: LHB Tommy King
|
0-0: Ball 1-0: Ball 2-0: Ball 3-0: Called Strike 3-1: Fly out, F9 (Flyball, 9S, EV 88.1 MPH)
|
|
Pitching: RHP Jake Gregor
|
|
|
Batting: LHB Jim Keefe
|
0-0: Ball 1-0: Called Strike 1-1: Ball 2-1: Ball 3-1: Foul Ball, location: 2F 3-2: Ground out U3 (Groundball, 34S, EV 86.9 MPH)
|
|
Batting: LHB Robert Watson
|
0-0: Called Strike 0-1: Ball 1-1: Foul Ball, location: 2F 1-2: Ball 2-2: Strikes out swinging
|
| Bottom of the 6th over - 0 runs, 0 hits, 0 errors, 0 left on base; Omaha 2 - Columbus 1 |
| TOP OF THE 7TH |
|
Omaha Storm Chasers batting - Pitching for Columbus Clippers : RHP Roberto Reyes
|
|
Batting: LHB Danny Bailey
|
0-0: SINGLE (Groundball, 34D, EV 105.0 MPH)
|
|
Batting: SHB Francisco Gutierrez
|
0-0: Called Strike Danny Bailey steals 2nd base (no throw) 0-1: Ball 1-1: Intentional Walk
|
|
Batting: RHB Yuichi Takata
|
0-0: Called Strike 0-1: Ball 1-1: Sac Bunt to 3S - play at first, batter OUT! 3-4 Danny Bailey to third Francisco Gutierrez to second
|
|
DELAY
|
Rain delay of 42 minutes in the 7th inning.
|
|
Pitching: LHP Victor Garcia
|
|
|
Batting: RHB Jason Birge
|
0-0: Called Strike 0-1: Called Strike 0-2: Ball 1-2: Strikes out swinging
|
|
Batting: RHB Taisei Fujii
|
0-0: Intentional Walk
|
|
Pinch Hitting: SHB Jared O'Connor
|
0-0: Ball 1-0: Called Strike 1-1: Swinging Strike 1-2: Ball 2-2: Strikes out swinging
|
| Top of the 7th over - 0 runs, 1 hit, 0 errors, 3 left on base; Omaha 2 - Columbus 1 |
| BOTTOM OF THE 7TH |
|
Columbus Clippers batting - Pitching for Omaha Storm Chasers : RHP Jake Gregor
|
|
Now in LF: Danny Bailey
|
|
|
Now in RF: Willie Gutierrez
|
|
|
Batting: LHB Jack Bell
|
0-0: Ball 1-0: Called Strike 1-1: Foul Ball, location: 2F 1-2: Foul Ball, location: 2F 1-2: Ball 2-2: Ball 3-2: Ground out 5-3 (Groundball, 6, EV 83.1 MPH)
|
|
Batting: SHB Dan Hill
|
0-0: Called Strike 0-1: Foul Ball, location: 2F 0-2: Ball 1-2: Ball 2-2: SOLO HOME RUN (Line Drive, 9D, EV 105.6 MPH), Distance : 408 ft
|
|
Pinch Hitting: LHB Costodio Varino
|
0-0: Called Strike 0-1: Swinging Strike 0-2: Ball 1-2: Ball 2-2: Strikes out swinging
|
|
Batting: LHB Gabe White
|
0-0: Called Strike 0-1: Swinging Strike 0-2: Ball 1-2: Ball 2-2: Ball 3-2: SINGLE (Flyball, 89S, EV 88.8 MPH)
|
|
Pitching: RHP Gan Ts'ong
|
|
|
Batting: LHB Jesus Lozano
|
0-0: Ball Gabe White steals 2nd base 1-0: Ball 2-0: Called Strike 2-1: Ball 3-1: Called Strike 3-2: Strikes out swinging
|
| Bottom of the 7th over - 1 run, 2 hits, 0 errors, 1 left on base; Omaha 2 - Columbus 2 |
| TOP OF THE 8TH |
|
Omaha Storm Chasers batting - Pitching for Columbus Clippers : LHP Victor Garcia
|
|
Now at SS: Scott Scott
|
|
|
Batting: RHB Walt Cogswell
|
0-0: Swinging Strike 0-1: Swinging Strike 0-2: Foul Ball, location: 2F 0-2: Ball 1-2: Ball 2-2: Strikes out swinging
|
|
Batting: RHB Ken Postlethwaite
|
0-0: Ball 1-0: Ground out 5-3 (Groundball, 15, EV 88.1 MPH)
|
|
Batting: RHB Danny Weisse
|
0-0: DOUBLE (Flyball, 89XD, EV 111.2 MPH)
|
|
Batting: LHB Danny Bailey
|
0-0: Called Strike 0-1: Foul Ball, location: 2F 0-2: Strikes out swinging
|
| Top of the 8th over - 0 runs, 1 hit, 0 errors, 1 left on base; Omaha 2 - Columbus 2 |
| BOTTOM OF THE 8TH |
|
Columbus Clippers batting - Pitching for Omaha Storm Chasers : RHP Gan Ts'ong
|
|
Batting: LHB Alejandro Soriano
|
0-0: Swinging Strike 0-1: Ball 1-1: Ground out U3 (Groundball, 3, EV 89.4 MPH)
|
|
Batting: LHB Tommy King
|
0-0: Swinging Strike 0-1: Swinging Strike 0-2: Strikes out looking
|
|
Batting: LHB Jim Keefe
|
0-0: Ball 1-0: Called Strike 1-1: SINGLE (Line Drive, 6M, EV 95.6 MPH)
|
|
Batting: LHB Robert Watson
|
0-0: SINGLE (Groundball, 34D, EV 105.0 MPH) Jim Keefe to second Runner from 2nd tries for 3rd, OUT! 9-5
|
| Bottom of the 8th over - 0 runs, 2 hits, 0 errors, 1 left on base; Omaha 2 - Columbus 2 |
| TOP OF THE 9TH |
|
Omaha Storm Chasers batting - Pitching for Columbus Clippers : LHP Victor Garcia
|
|
Pitching: RHP Chris Cohen
|
|
|
Batting: SHB Francisco Gutierrez
|
0-0: Ball 1-0: Foul Ball, location: 2F 1-1: Ball 2-1: Foul Ball, location: 2F 2-2: Ball 3-2: Strikes out swinging
|
|
Batting: RHB Yuichi Takata
|
0-0: Called Strike 0-1: Ball 1-1: Ground out 6-3 (Groundball, 56, EV 103.8 MPH)
|
|
Pinch Hitting: LHB Shigeru Ono
|
0-0: Swinging Strike 0-1: Fly out, F8 (Line Drive, 8LD, EV 85.6 MPH)
|
| Top of the 9th over - 0 runs, 0 hits, 0 errors, 0 left on base; Omaha 2 - Columbus 2 |
| BOTTOM OF THE 9TH |
|
Columbus Clippers batting - Pitching for Omaha Storm Chasers : RHP Gan Ts'ong
|
|
Pitching: RHP Matthew Orphan
|
|
|
Now at C: Adam Krieger
|
|
|
Batting: LHB Jack Bell
|
0-0: Ball 1-0: Ball 2-0: Ground out 5-3 (Groundball, 56, EV 103.1 MPH)
|
|
Batting: SHB Dan Hill
|
0-0: Ball 1-0: Called Strike 1-1: Called Strike 1-2: Strikes out looking
|
|
Batting: SHB Scott Scott
|
0-0: Ball 1-0: Ball 2-0: Called Strike 2-1: Called Strike 2-2: Ball 3-2: DOUBLE (Groundball, 5L, EV 105.0 MPH)
|
|
Batting: LHB Gabe White
|
0-0: Foul Ball, location: 2F 0-1: Swinging Strike 0-2: Ball 1-2: Ball 2-2: Foul Ball, location: 2F 2-2: Ball 3-2: Foul Ball, location: 2F 3-2: Base on Balls
|
|
Batting: LHB Jesus Lozano
|
0-0: Ball 1-0: Swinging Strike 1-1: Ground out 5-3 (Groundball, 15, EV 82.5 MPH)
|
| Bottom of the 9th over - 0 runs, 1 hit, 0 errors, 2 left on base; Omaha 2 - Columbus 2 |
| TOP OF THE 10TH |
|
Omaha Storm Chasers batting - Pitching for Columbus Clippers : RHP Chris Cohen
|
|
Batting: RHB Taisei Fujii
|
0-0: Fly out, F8 (Flyball, 8LM, EV 88.8 MPH)
|
|
Batting: LHB Willie Gutierrez
|
0-0: Ball 1-0: Called Strike 1-1: Fly out, F7 (Line Drive, 7, EV 91.9 MPH)
|
|
Batting: RHB Walt Cogswell
|
0-0: Swinging Strike 0-1: Ground out 6-3 (Groundball, 4M, EV 83.1 MPH)
|
| Top of the 10th over - 0 runs, 0 hits, 0 errors, 0 left on base; Omaha 2 - Columbus 2 |
| BOTTOM OF THE 10TH |
|
Columbus Clippers batting - Pitching for Omaha Storm Chasers : RHP Matthew Orphan
|
|
Batting: LHB Alejandro Soriano
|
0-0: Foul Ball, location: 2F 0-1: Foul Ball, location: 2F 0-2: Strikes out swinging
|
|
Batting: LHB Tommy King
|
0-0: Ball 1-0: Foul Ball, location: 2F 1-1: Swinging Strike 1-2: Foul Ball, location: 2F 1-2: Fly out, F8 (Flyball, 8LD, EV 105.6 MPH)
|
|
Pitching: RHP Kevin Fleming
|
|
|
Batting: LHB Jim Keefe
|
0-0: Ball 1-0: Ball 2-0: Called Strike 2-1: Swinging Strike 2-2: Ground out 4-3 (Groundball, 4S, EV 80.0 MPH)
|
| Bottom of the 10th over - 0 runs, 0 hits, 0 errors, 0 left on base; Omaha 2 - Columbus 2 |
| TOP OF THE 11TH |
|
Omaha Storm Chasers batting - Pitching for Columbus Clippers : RHP Chris Cohen
|
|
Batting: RHB Ken Postlethwaite
|
0-0: Ball 1-0: Called Strike 1-1: Ball 2-1: Foul Ball, location: 2F 2-2: SINGLE (Groundball, 56D, EV 103.1 MPH)
|
|
Batting: RHB Danny Weisse
|
0-0: Ball 1-0: Ball 2-0: Ball 3-0: Called Strike 3-1: Swinging Strike 3-2: Strikes out swinging
|
|
Batting: LHB Danny Bailey
|
0-0: Grounds into double play, 5-4-3 (Groundball, 56, EV 83.1 MPH)
|
| Top of the 11th over - 0 runs, 1 hit, 0 errors, 0 left on base; Omaha 2 - Columbus 2 |
| BOTTOM OF THE 11TH |
|
Columbus Clippers batting - Pitching for Omaha Storm Chasers : RHP Kevin Fleming
|
|
Batting: LHB Robert Watson
|
0-0: Ball 1-0: Ball 2-0: Foul Ball, location: 2F 2-1: Swinging Strike 2-2: Ball 3-2: Base on Balls
|
|
Batting: LHB Jack Bell
|
0-0: Ball 1-0: Ball 2-0: Ball 3-0: Base on Balls Robert Watson to second
|
|
Batting: SHB Dan Hill
|
0-0: Bunt missed! 0-1: Sac Bunt to 2L - play at first, batter OUT! 2-4 Robert Watson to third Jack Bell to second
|
|
Batting: SHB Scott Scott
|
0-0: Foul Ball, location: 2F 0-1: Ball 1-1: Ball 2-1: Called Strike 2-2: Strikes out swinging
|
|
Pitching: LHP Yorinobu Noguchi
|
|
|
Pinch Hitting: RHB Carlos Abrego
|
0-0: Ball 1-0: Ball 2-0: Called Strike 2-1: Ball 3-1: SINGLE (Flyball, 34D, EV 90.0 MPH) Robert Watson scores
|
| Bottom of the 11th over - 1 run, 1 hit, 0 errors, 2 left on base; Omaha 2 - Columbus 3 |
|